 Dungeon Sprint DCSS version 0.26-a0-739-gf55cbd344a (webtiles) character file.

Game seed: 9411926140576912252

176 olmar the Covered (level 5, -1/52 HPs)
             Began as a Minotaur Fighter on Nov 5, 2020.
             Was an Initiate of Gozag.
             Slain by a spriggan
             ... wielding a +0 rapier
              (5 damage)
             ... in the Dungeon (Sprint IV: "Fedhas' Mad Dash").
             The game lasted 00:01:20 (754 turns).

olmar the Covered (Minotaur Fighter)                 Turns: 754, Time: 00:01:20

Health: -1/52      AC:  8    Str: 21    XL:     5   Next: 30%
Magic:  3/4        EV:  8    Int:  5    God:    Gozag
Gold:   122        SH: 11    Dex: 10    Spells: 4/4 levels left

rFire    . . .     SeeInvis .   a - +0 flail
rCold    . . .     Faith    .   c - +0 kite shield
rNeg     . . .     Spirit   .   b - +0 scale mail
rPois    .         Reflect  .   (helmet restricted)
rElec    .         Harm     .   (no cloak)
rCorr    .         Rampage  .   (no gloves)
MR       .....     NoTele   +   (no boots)
Stlth    ..........             k - amulet of invisibility {+Inv}
HPRegen  0.17/turn              (no ring)
MPRegen  0.09/turn              (no ring)

@: mighty, brilliant, very slightly contaminated, hasted, very quick
A: retaliatory headbutt, horns 2
a: Potion Petition, Call Merchant, Bribe Branch, Renounce Religion, Evoke
Invisibility


You were in the Dungeon.
You worshipped Gozag.
Gozag was aware of your devotion.
You visited 1 branch You collected 122 gold pieces.

Inventory:

Hand Weapons
 a - a +0 flail (weapon)
Armour
 b - a +0 scale mail (worn)
 c - a +0 kite shield (worn)
Jewellery
 k - the amulet of invisibility (around neck) {+Inv}
   (You found it in the Dungeon)

   [amulet of nothing]

   It lets you turn invisible.
Potions
 h - 2 potions of magic


   Skills:
 + Level 7.5 Fighting
 + Level 5.8 Maces & Flails
 + Level 7.6 Armour
 - Level 0.6 Stealth
 + Level 7.5 Shields
 + Level 1.8 Evocations


You had 4 spell levels left.
You didn't know any spells.
Your spell library was empty.

Dungeon Overview and Level Annotations

Branches:
Dungeon (1/1)

Altars:
Cheibriados
Dithmenos
Elyvilon
Gozag
Hepliaklqana
Kikubaaqudgha
Makhleb
Nemelex Xobeh
Okawaru
Qazlal
Ru
Sif Muna
Trog
Uskayaw
Vehumet
Wu Jian
Xom
Yredelemnul
Zin
The Shining One
Beogh
Jiyva
Lugonu


Innate Abilities, Weirdness & Mutations

You reflexively headbutt those who attack you in melee.
You have a pair of horns on your head.


Message History

The spriggan barely misses you. The spriggan hits you with a +0 rapier!
* * * LOW HITPOINT WARNING * * *
Unknown command.
You barely miss the spriggan. Your headbutt misses the spriggan.
The spriggan is severely wounded.
You block the spriggan's attack.
Unknown command.
You completely miss the spriggan.
The spriggan is severely wounded.
You block the spriggan's attack.
Unknown command.
It was a potion of brilliance.
You feel clever all of a sudden. You block the spriggan's attack. x2
Unknown command.
You miss the spriggan.
The spriggan is severely wounded.
You block the spriggan's attack. The spriggan hits you with a +0 rapier.
You die...
Your body crumbles into a pile of gold.

#########################
...#.⌠._._._._.⌠i#.('$..#
.(.'.._._._._._.@is.#$.$#
...#..._._._._...#..# #+#
$ #'##.._._._._._..#.)# $
...#._._._._._.⌠.####
...############### $ ####
$ $$ $


You could see 2 spriggans and a scorpion.

Vanquished Creatures
  A worker ant (D)
  4 oklob saplings (D)
  A river rat (D)
  A rat (D)
7 creatures vanquished.

Notes
Turn   | Place    | Note
-------+----------+-------------------------------------------
     0 | D        | olmar the Minotaur Fighter began the quest for the Orb.
     0 | D        | Reached XP level 1. HP: 19/19 MP: 0/0
    13 | D        | Reached XP level 2. HP: 21/28 MP: 1/1
    81 | D        | Noticed an oklob sapling
    82 | D        | Killed an oklob sapling
    82 | D        | Reached skill level 5 in Fighting
    82 | D        | Reached skill level 5 in Armour
    82 | D        | Reached skill level 5 in Shields
    82 | D        | Reached XP level 3. HP: 30/36 MP: 2/2
    87 | D        | Found the amulet of invisibility {+Inv}
   240 | D        | Noticed an oklob sapling
   244 | D        | Killed an oklob sapling
   244 | D        | Reached XP level 4. HP: 45/45 MP: 0/3
   284 | D        | Found an opulent altar of Gozag.
   284 | D        | Found a hazy altar of Hepliaklqana.
   284 | D        | Found a roughly hewn altar of Beogh.
   284 | D        | Found a snail-covered altar of Cheibriados.
   285 | D        | Found a viscous altar of Jiyva.
   285 | D        | Found a burning altar of Makhleb.
   285 | D        | Found a sparkling altar of Nemelex Xobeh.
   285 | D        | Found a sacrificial altar of Ru.
   285 | D        | Found a shimmering blue altar of Sif Muna.
   285 | D        | Found a bloodstained altar of Trog.
   285 | D        | Found an ornate altar of the Wu Jian Council.
   285 | D        | Found a shimmering altar of Xom.
   285 | D        | Found a basalt altar of Yredelemnul.
   286 | D        | Found an iron altar of Okawaru.
   286 | D        | Found a shadowy altar of Dithmenos.
   286 | D        | Found a glowing silver altar of Zin.
   287 | D        | Found an ancient bone altar of Kikubaaqudgha.
   287 | D        | Found a hide-covered altar of Uskayaw.
   288 | D        | Found a stormy altar of Qazlal.
   288 | D        | Found a white marble altar of Elyvilon.
   288 | D        | Found a glowing golden altar of the Shining One.
   289 | D        | Found a corrupted altar of Lugonu.
   289 | D        | Found a radiant altar of Vehumet.
   297 | D        | Reached skill level 5 in Maces & Flails
   297 | D        | Reached skill level 1 in Evocations
   297 | D        | Reached XP level 5. HP: 13/52 MP: 2/4
   301 | D        | Became a worshipper of Gozag Ym Sagoz the Greedy
   746 | D        | HP: 2/52 [spriggan/+0 rapier (15)]
   754 | D        | Slain by a spriggan

Illustrated notes

Levels and vault maps discovered:
D:        dungeon_sprint_fedhas [sprint_temple]

Skill      XL: |  1  2  3  4 |
---------------+-------------+-----
Fighting       | 4 5 6 7 |  7.5
Armour         | 4 5 6 7 |  7.6
Shields        | 4 5 6 7 |  7.5
Maces & Flails | 3 4 5 |  5.8
Evocations     | 1 |  1.8
Stealth        | |  0.6

Action                   |  1- 3 |  4- 6 || total
-------------------------+-------+-------++-------
Melee: Flail             |    15 |    22 ||    37
       Headbutt          |     4 |     7 ||    11
 Abil: Evoke Invisibilit |     1 |     3 ||     4
  Use: Potion            |     1 |     5 ||     6
       Scroll            |       |     1 ||     1
 Stab: Invisible         |       |     1 ||     1
Armor: Scale mail        |     3 |       ||     3
Dodge: Dodged            |     1 |     3 ||     4
Block: Kite shield       |     5 |    14 ||    19

Table legend: (Time is in decaauts)
 A = Elapsed time spent in this place.
 B = Non-inter-level travel time spent in this place.
 C = Inter-level travel time spent in this place.
 D = Time resting spent in this place.
 E = Time spent auto-exploring this place.
 F = Levels seen in this place.
 G = Mean time per level.
                   A        B        C        D        E       F      G
               +--------+--------+--------+--------+--------+-----+--------+
         Total |    769 |    769 |      0 |    622 |      0 |   1 |  769.0 |
       Dungeon |    769 |    769 |      0 |    622 |      0 |   1 |  769.0 |
               +--------+--------+--------+--------+--------+-----+--------+

Top non-repeatable levels by time:
       D: 769 daAuts
